 Dungeon Crawl Stone Soup version 0.26-a0-859-gf57989e088 (webtiles) character file.

Game seed: 11726192113368196585

868 EWolf27 the Digger (level 8, -8/41 HPs)
             Began as a Gargoyle Earth Elementalist on Nov 25, 2020.
             Engulfed by a cloud of freezing vapour (22 damage)
             ... on level 5 of the Dungeon.
             The game lasted 00:25:35 (5802 turns).

EWolf27 the Digger (Gargoyle Earth Elementalist)    Turns: 5802, Time: 00:25:36

Health: -8/41      AC: 13    Str: 13    XL:     8   Next: 3%
Magic:  14/14      EV: 11    Int: 17    God:
Gold:   201        SH:  0    Dex: 10    Spells: 7/16 levels left

rFire    . . .     SeeInvis +   a - +0 flail
rCold    . . .     Faith    .   (no shield)
rNeg     + . .     Spirit   .   s - +0 leather armour
rPois    ∞         Reflect  .   f - +0 helmet
rElec    +         Harm     .   (no cloak)
rCorr    .         Rampage  .   i - +0 pair of gloves
MR       .....                  j - +2 pair of boots of Intuition {SInv}
Stlth    +++.......             (no amulet)
HPRegen  0.13/turn              r - ring of stealth
MPRegen  0.14/turn              c - ring of see invisible

@: no status effects
A: negative energy resistance 1, electricity resistance, unbreathing,
petrification resistance, rot immunity, AC +5
a: no special abilities


You were on level 5 of the Dungeon.
You visited 1 branch of the dungeon, and saw 5 of its levels.

You collected 229 gold pieces.
You spent 28 gold pieces at shops.

Inventory:

Hand Weapons
 a - a +0 flail (weapon)
 d - a +0 club
Missiles
 b - 115 stones
 l - 28 poisoned darts (quivered)
 t - 2 throwing nets
Armour
 f - a +0 helmet (worn)
 i - a +0 pair of gloves (worn)
 j - the +2 pair of boots of Intuition (worn) {SInv}
   (You found it on level 4 of the Dungeon)

   It lets you see invisible.
 s - a +0 leather armour (worn)
Jewellery
 c - a ring of see invisible (right hand)
 r - a ring of stealth (left hand)
Scrolls
 e - 2 scrolls of teleportation {unknown}
 k - 4 scrolls of remove curse
 m - 3 scrolls of identify
 q - a scroll of blinking {unknown}
Potions
 g - 2 potions of curing
 h - a potion of degeneration {unknown}
 o - a potion of cancellation {unknown}
 p - 3 potions of lignification
 u - 2 potions of haste {unknown}


   Skills:
 - Level 1.5 Dodging
 - Level 3.1 Stealth
 + Level 4.5 Spellcasting
 * Level 5.9 Conjurations
 - Level 0.7 Transmutations
 + Level 6.7 Earth Magic


You had 7 spell levels left.
You knew the following spells:

 Your Spells              Type           Power        Failure   Level
a - Sandblast             Erth           ####..       1%          1
b - Stone Arrow           Conj/Erth      ####..       4%          3
c - Lee's Rapid Deconstr  Erth           ####......   32%         5

Your spell library contained the following spells:

 Spells                   Type           Power        Failure   Level
 Passwall                 Tmut/Erth      ###.....     6%          2
 Animate Skeleton         Necr           #.....       19%         1
 Apportation              Tloc           #.....       19%         1
 Corona                   Hex            #......      19%         1
 Summon Small Mammal      Summ           #...         19%         1
 Petrify                  Tmut/Erth      ###.....     38%         4


Dungeon Overview and Level Annotations

Branches:
Dungeon (5/15)
 Temple: D:4-7

Altars:
Okawaru
Yredelemnul

Shops:
D:4 ?

Annotations:
D:3 exclusion: downstairs


Innate Abilities, Weirdness & Mutations

You are resistant to torment.
Your stone body is resilient. (AC +5)
You are immune to poison.
You resist negative energy. (rN+)
You are resistant to electric shocks. (rElec)
You can survive without breathing.
You are immune to petrification.
You are immune to rotting.


Message History

You start resting.
Your magical contamination has completely faded away.
You start resting.
Magic restored.
Found 9 gold pieces.
Found a falchion.
You now have 201 gold pieces (gained 9).
You see here a falchion.
Found 27 stones.
Found 10 gold pieces.
Found a falchion and a lead wand.
Found 22 stones.
As you open the door, it creaks loudly!
There is an open door here.
Unknown command.
You are engulfed in freezing vapours.
You are engulfed in freezing vapours.
You are engulfed in freezing vapours.
Ouch! That really hurt!
You die...

#....###....... #....#
#....... #....# #####.#.
#....# #.#. #....# #.#.
###### #....# #.#.
#######....####....## ####...
#.......##'########## #######
#.#####.#..○@○○○○○○○§.......#
#.#####.###################.#
#.....#.#()$/(§§§§§§§○.....☼#
#####.#.#####################
#...#.######...##...####...
#.###.# .#.# # #.#. #.#...#
.#... #.#. #.#.##### #####
#.#. #.#.....# #.


There were no monsters in sight!

Vanquished Creatures
  2 ogres
  3 phantoms
  A bullfrog (D:5)
  3 scorpions
  An orc wizard (D:3)
  A bullfrog skeleton (D:5)
  A worker ant (D:5)
  4 adders
  A shadow imp (D:5)
  An ufetubus (D:5)
  An adder skeleton (D:4)
  A dart slug (D:2)
  14 orcs
  4 giant cockroaches
  9 goblins
  9 hobgoblins
  3 kobolds (D:2)
  2 quokkas
  A ball python (D:2)
  8 bats
  2 frilled lizards (D:2)
  7 rats
79 creatures vanquished.

Vanquished Creatures (others)
  A plant (D:1)
1 creature vanquished.

Grand Total: 80 creatures vanquished

Notes
Turn   | Place    | Note
-------+----------+-------------------------------------------
     0 | D:1      | EWolf27 the Gargoyle Earth Elementalist began the quest for
                  | the Orb.
     0 | D:1      | Reached XP level 1. HP: 10/10 MP: 3/3
   321 | D:1      | Reached XP level 2. HP: 15/15 MP: 1/5
   708 | D:2      | Reached skill level 4 in Earth Magic
   709 | D:2      | Reached XP level 3. HP: 18/19 MP: 1/6
  1380 | D:2      | Learned a level 3 spell: Stone Arrow
  2327 | D:3      | Reached XP level 4. HP: 23/24 MP: 5/8
  2946 | D:3      | Reached skill level 1 in Conjurations
  3326 | D:3      | Found a basalt altar of Yredelemnul.
  3339 | D:3      | Reached skill level 5 in Earth Magic
  3339 | D:3      | Reached XP level 5. HP: 27/28 MP: 9/9
  3709 | D:4      | Noticed a phantom
  3794 | D:5      | Entered Level 5 of the Dungeon
  3798 | D:5      | Noticed an ogre
  3926 | D:2      | HP: 1/28 [ogre/+0 giant club (12)]
  4330 | D:4      | Noticed a phantom
  4337 | D:4      | Killed a phantom
  4338 | D:4      | Reached XP level 6. HP: 32/32 MP: 1/11
  4432 | D:4      | Learned a level 5 spell: Lee's Rapid Deconstruction
  4451 | D:4      | Killed a phantom
  4567 | D:4      | Found Dotyttiv's Magic Scroll Shop.
  4698 | D:4      | Bought a scroll of random uselessness for 14 gold pieces
  4698 | D:4      | Bought a scroll of noise for 14 gold pieces
  4713 | D:4      | Reached XP level 7. HP: 36/36 MP: 7/12
  4726 | D:4      | Reached skill level 6 in Earth Magic
  5020 | D:4      | Got a pair of slimy boots
  5025 | D:4      | Identified the +2 pair of boots of Intuition {SInv} (You
                  | found it on level 4 of the Dungeon)
  5270 | D:5      | Reached skill level 5 in Conjurations
  5504 | D:5      | Found an iron altar of Okawaru.
  5703 | D:5      | Reached XP level 8. HP: 41/41 MP: 7/14
  5802 | D:5      | Engulfed by a cloud of freezing vapour

Illustrated notes

Levels and vault maps discovered:
D:1:      eino_arrival_water_cross, layout_rooms
D:2:      layout_basic, minmay_tall_x
D:3:      wander_river, layout_loops_corners, serial_rivers,
          chequers_serial_rivers_micro_c, chequers_serial_rivers_micro_b,
          chequers_serial_rivers_marsh, chequers_serial_rivers_micro_c,
          chequers_serial_rivers_small_b, chequers_serial_rivers_small_3,
          minmay_misc_feat_columns, yredelemnul_altar_generic
D:4:      layout_rooms, serial_shops, shop
D:5:      lemuel_ice_spiral_2, layout_basic, kennysheep_okawaru_gauntlet,
          serial_corexii_hall, corexii_hall_statues_x,
          chequers_hall_statues_wall_a, minmay_misc_feat_secret_circle

Skill      XL: |  1  2  3  4  5  6  7 |
---------------+----------------------+-----
Earth Magic    | 4 5 6 |  6.7
Stealth        | 3 |  3.1
Conjurations   | 1 3 4 5 |  5.9
Spellcasting   | 3 4 |  4.5
Dodging        | |  1.5
Transmutations | |  0.7

Action                   |  1- 3 |  4- 6 |  7- 9 || total
-------------------------+-------+-------+-------++-------
Melee: Unarmed           |     3 |       |       ||     3
       Club              |    93 |    49 |       ||   142
       Flail             |       |       |    25 ||    25
 Cast: Sandblast         |    29 |    40 |    15 ||    84
       Stone Arrow       |       |     2 |     9 ||    11
  Use: Scroll            |       |     1 |     1 ||     2
       Potion            |       |     1 |       ||     1
 Stab: Sleeping          |     1 |       |       ||     1
Armor: Robe              |    48 |     4 |       ||    52
       Leather armour    |       |    21 |    22 ||    43
Dodge: Dodged            |    73 |    54 |    27 ||   154

Table legend: (Time is in decaauts)
 A = Elapsed time spent in this place.
 B = Non-inter-level travel time spent in this place.
 C = Inter-level travel time spent in this place.
 D = Time resting spent in this place.
 E = Time spent auto-exploring this place.
 F = Levels seen in this place.
 G = Mean time per level.
                   A        B        C        D        E       F      G
               +--------+--------+--------+--------+--------+-----+--------+
         Total |   5896 |   5560 |    336 |   2107 |   1359 |   5 | 1179.2 |
       Dungeon |   5896 |   5560 |    336 |   2107 |   1359 |   5 | 1179.2 |
               +--------+--------+--------+--------+--------+-----+--------+

Top non-repeatable levels by time:
     D:3: 1811 daAuts
     D:2: 1557 daAuts
     D:1: 948 daAuts
     D:4: 862 daAuts
     D:5: 716 daAuts
